 Dungeon Crawl Stone Soup version 0.29-a0-275-g389c0b56f3 (webtiles) character file.

Game seed: 7415622484991140797

371 dolemite99 the Grave Robber (level 6, -10/49 HPs)
             Began as a Deep Dwarf Necromancer on Mar 10, 2022.
             Was an Initiate of Makhleb.
             Mangled by an ogre
             ... wielding a +0 giant club
              (25 damage)
             ... on level 5 of the Dungeon.
             The game lasted 00:08:10 (8304 turns).

dolemite99 the Grave Robber (DDNe)                  Turns: 8304, Time: 00:08:11

Health: -10/49     AC:  8    Str: 12    XL:     6   Next: 42%
Magic:  10/11      EV: 12    Int: 17    God:    Makhleb [......]
Gold:   148        SH:  0    Dex: 13    Spells: 6/13 levels left

rFire   . . .      SeeInvis +   a - +2 whip (venom)
rCold   . . .      Faith    .   n - orb {light}
rNeg    . . .      Spirit   .   x - +3 leather armour
rPois   .          Reflect  .   m - +2 hat {SInv}
rElec   .          Harm     .   (no cloak)
rCorr   .          Rampage  .   (no gloves)
Will    .....                   (no boots)
Stlth   +.........              (no amulet)
HPRegen 0.00/turn               (no ring)
MPRegen 0.12/turn               (no ring)

@: about to teleport, glowing
A: damage resistance, heal wounds, sense surroundings 1, no regeneration
a: Heal Wounds, Renounce Religion


You were on level 5 of the Dungeon.
You worshipped Makhleb.
Makhleb was noncommittal.
You visited 2 branches of the dungeon, and saw 6 of its levels.

You collected 148 gold pieces.

Inventory:

Hand Weapons
 a - a +2 whip of venom (weapon)
 d - a +0 dagger
 h - a +0 short sword
 j - a +0 hunting sling
 A - a +1 dagger of draining
Missiles
 e - 62 stones (quivered)
 s - a poisoned dart
 y - 10 boomerangs
Armour
 m - a +2 hat of see invisible (worn)
 n - an orb of light (worn)
 o - a +0 leather armour
 t - a +0 robe
 x - a +3 leather armour (worn)
Wands
 u - a wand of polymorph (8)
Scrolls
 c - 4 scrolls of teleportation
 f - a scroll of enchant armour {unknown}
 k - a scroll of magic mapping {unknown}
 l - a scroll of brand weapon {unknown}
 q - 2 scrolls of identify {@r1}
 r - 3 scrolls of blinking {unknown}
 v - a scroll of fog {unknown}
 w - a scroll of fear {unknown}
Potions
 b - a potion of magic
 g - a potion of curing {unknown}
 i - 3 potions of degeneration
 p - 2 potions of lignification {unknown}
 z - a potion of attraction {unknown}
 B - a potion of berserk rage {unknown}


   Skills:
 - Level 2.1 Dodging
 - Level 2.4 Stealth
 + Level 4.0 Spellcasting
 + Level 7.1 Necromancy


You had 6 spell levels left.
You knew the following spells:

 Your Spells              Type           Power      Damage    Failure   Level
a - Pain                  Necr           100%       1d9       1%          1
b - Animate Skeleton      Necr           54%        N/A       1%          1
c - Vampiric Draining     Necr           27%        2d7       3%          3
d - Corpse Rot            Necr/Air       30%        N/A       7%          2

Your spell library contained the following spells:

 Spells                   Type           Power      Damage    Failure   Level
 Animate Dead             Necr           13%        N/A       11%         4
 Apportation              Tloc           6%         N/A       21%         1
 Slow                     Hex            12%        N/A       21%         1
 Summon Small Mammal      Summ           12%        N/A       21%         1
 Ensorcelled Hibernation  Hex/Ice        6%         N/A       30%         2
 Passwall                 Tmut/Erth      2%         N/A       30%         2
 Poisonous Vapours        Pois/Air       6%         N/A       30%         2
 Agony                    Necr           27%        N/A       30%         5
 Confusing Touch          Hex            3%         N/A       52%         3
 Swiftness                Air            3%         N/A       52%         3
 Tukima's Dance           Hex            3%         N/A       52%         3
 Passage of Golubria      Tloc           3%         N/A       89%         4
 Yara's Violent Unravell  Hex/Tmut       1%         3d3       99%         5


Dungeon Overview and Level Annotations

Branches:
Dungeon (5/15)             Temple (1/1) D:4

Altars:
Ashenzari
Cheibriados
Dithmenos
Elyvilon
Fedhas
Gozag
Hepliaklqana
Kikubaaqudgha
Makhleb
Nemelex Xobeh
Okawaru
Qazlal
Ru
Sif Muna
Trog
Uskayaw
Vehumet
Wu Jian
Yredelemnul
Zin
The Shining One

Shops:
D:1 !   D:4 *

Annotations:
D:2 exclusion: downstairs
D:3 Ijyb
D:4 exclusion: upstairs


Innate Abilities, Weirdness & Mutations

You are resistant to damage.
You can heal yourself by infusing magical energy.
You passively map a small area around you.
You do not regenerate.


Message History

You start resting.
Magic restored.
You start waiting.
Done waiting.
You see here a +0 flail.
Things that are here:
a +0 short sword; a +0 chain mail
Found a heavily runed leather armour.
You see here the +6 leather armour "Wutoall" {-Cast +Blink rCorr Dex-3}.
A sourceless malevolence fills the Dungeon... and a teleportation trap spontaneously manifests!
You are yanked towards a nearby monster!
Your surroundings suddenly seem different.
A white imp comes into view.
The white imp shouts, "Decamp, thou droning dirt-delving snake-molt!"
You hear a shout!
An ogre comes into view. It is wielding a +0 giant club.
You hear an angry hiss.
The white imp gestures at you. The puff of frost hits you!
As you read the scroll labelled ELONO PEAPOSOE, it crumbles to dust.
It is a scroll of identify.
c - 5 scrolls of teleportation
As you read the scroll of teleportation, it crumbles to dust.
You feel strangely unstable. The white imp hits you. The white imp freezes you.
A scorpion comes into view.
Okay, then.
Casting: Vampiric Draining (dangerous; 3% risk of failure)
Confirm with . or Enter, or press ? or * to list all spells.
Aiming: Pain (safe; 1% risk of failure)
Press: ? - help, Shift-Dir - straight line, f - ogre
Aim: an ogre, wielding a +0 giant club (haloed, chance to affect: 83%)
The ogre writhes in agony.
The white imp gestures at you. The puff of frost hits you!
You fail to use your ability.
An adder comes into view.
The white imp barely misses you.
The ogre hits you with a +0 giant club!!
Ouch! That really hurt!
You die...

*
###
..#
*
#.#
#5#
#@#
#O#
#.#
#.#
* *
* *
#.#
,
,Ss.
,
#.#*
, ,
,
...
* ,
#..
,*


You could see an ogre, a scorpion, an adder and a white imp.

Vanquished Creatures
  An ogre (D:4)
  A scorpion (D:4)
  A hound (D:4)
  A jelly (D:4)
  An iguana (D:5)
  3 gnolls
  2 adders
  2 worms
  10 orcs
  2 ball pythons (D:3)
  4 bats (D:1)
  7 endoplasms
  7 hobgoblins
  5 jackals (D:3)
  6 quokkas
  2 frilled lizards
  6 goblins
  6 kobolds
  6 rats
73 creatures vanquished.

Notes
Turn   | Place    | Note
-------+----------+-------------------------------------------
     0 | D:1      | dolemite99 the Deep Dwarf Necromancer began the quest for
                  | the Orb.
     0 | D:1      | Reached XP level 1. HP: 15/15 MP: 3/3
   596 | D:1      | Found Xuetziv's Distillery.
   801 | D:1      | Reached XP level 2. HP: 16/22 MP: 0/4
   815 | D:1      | Reached skill level 5 in Necromancy
  1683 | D:1      | Learned a level 1 spell: Animate Skeleton
  2593 | D:2      | Learned a level 2 spell: Corpse Rot
  2746 | D:2      | HP: 1/22 [worm (5)]
  2906 | D:2      | Reached XP level 3. HP: 28/28 MP: 1/5
  3665 | D:3      | Noticed Ijyb
  4308 | D:2      | Reached XP level 4. HP: 31/36 MP: 0/6
  4741 | D:3      | Learned a level 3 spell: Vampiric Draining
  4912 | D:3      | Found a faded altar of an unknown god.
  5304 | D:4      | Found Cotioll's Overcharged Wands.
  6044 | D:4      | Reached skill level 6 in Necromancy
  6051 | D:4      | Reached XP level 5. HP: 42/42 MP: 0/8
  6472 | D:4      | Found a staircase to the Ecumenical Temple.
  6477 | Temple   | Entered the Ecumenical Temple
  6672 | Temple   | Became a worshipper of Makhleb the Destroyer
  7443 | D:4      | Noticed an ogre
  7450 | D:4      | Killed an ogre
  7451 | D:4      | Reached skill level 7 in Necromancy
  7451 | D:4      | Reached XP level 6. HP: 30/49 MP: 0/10
  7918 | D:5      | Entered Level 5 of the Dungeon
  8277 | D:5      | Identified the +6 leather armour "Wutoall" {-Cast +Blink
                  | rCorr Dex-3}
  8304 | D:5      | Mangled by an ogre

Illustrated notes

Levels and vault maps discovered:
D:1:      matt_arrival_grand_opening, layout_rooms, serial_shops, shop,
          grunt_decor_clamped, minmay_statues_item
D:2:      layout_rooms, kennysheep_generic_room_16
D:3:      layout_rooms, shapermc_ecumenical_altar_ellora, uniq_ijyb
D:4:      layout_basic, minmay_temple_entry_statues_pillars,
          hangedman_decor_growths, supply_closet_lemuel, grunt_ministairs_14,
          nrook_mini_vaults, nicolae_shop_overcharged_wands
D:5:      layout_basic, dreamdust_princess_bridge, minmay_joined_circles
Temple:   mainiacjoe_temple_starburst

Skill      XL: |  1  2  3  4  5  6 |
---------------+-------------------+-----
Necromancy     | 5 6 7 |  7.1
Spellcasting   | 2 3 4 |  4.0
Dodging        | |  2.1
Stealth        | |  2.4

Action                   |  1- 3 |  4- 6 || total
-------------------------+-------+-------++-------
Melee: Dagger            |    11 |       ||    11
       Whip              |     2 |    50 ||    52
Throw: Dart              |     2 |       ||     2
       Stone             |       |     9 ||     9
 Cast: Pain              |    78 |    28 ||   106
       Animate Skeleton  |     1 |       ||     1
       Vampiric Draining |       |    16 ||    16
 Abil: Heal Wounds       |     3 |       ||     3
  Use: Potion            |     1 |       ||     1
       Scroll            |       |     2 ||     2
Armor: Robe              |    12 |     8 ||    20
       Leather armour    |       |    13 ||    13
Dodge: Dodged            |    35 |    30 ||    65

Table legend: (Time is in decaauts)
 A = Elapsed time spent in this place.
 B = Non-inter-level travel time spent in this place.
 C = Inter-level travel time spent in this place.
 D = Time resting spent in this place.
 E = Time spent auto-exploring this place.
 F = Levels seen in this place.
 G = Mean time per level.
                   A        B        C        D        E       F      G
               +--------+--------+--------+--------+--------+-----+--------+
         Total |   8317 |   8095 |    222 |   5365 |   1675 |   6 | 1386.2 |
       Dungeon |   7655 |   7557 |     98 |   5365 |   1164 |   5 | 1531.0 |
        Temple |    661 |    537 |    124 |      0 |    511 |   1 |  661.0 |
               +--------+--------+--------+--------+--------+-----+--------+

Top non-repeatable levels by time:
     D:1: 2587 daAuts
     D:4: 2236 daAuts
     D:2: 1593 daAuts
     D:3: 852 daAuts
  Temple: 661 daAuts
     D:5: 385 daAuts
